 Dungeon Crawl Stone Soup version 0.29-a0-901-g46a8461d6a (webtiles) character file.

Game seed: 7428587282260820834

170 Aviak the Grave Robber (level 6, -2/52 HPs)
             Began as a Meteoran Necromancer on July 23, 2022.
             Slain by Grinder (8 damage)
             ... on level 4 of the Dungeon.
             The game lasted 00:06:51 (1274 turns).

Aviak the Grave Robber (Meteoran Necromancer)       Turns: 1274, Time: 00:06:51

Health: -2/52      AC:  3    Str:  9 (11) XL:     6   Next: 8%
Magic:  11/11      EV: 11    Int: 17 (18) God:
Gold:   182        SH:  0    Dex: 11 (14) Spells: 3/11 levels left

rFire   . . .      SeeInvis .   q - +0 trident
rCold   . . .      Faith    .   n - +0 buckler
rNeg    . . .      Spirit   .   a - +0 robe
rPois   .          Reflect  .   (no helmet)
rElec   .          Harm     .   (no cloak)
rCorr   .          Rampage  .   (no gloves)
Will    .....                   j - +0 pair of boots
Stlth   +.........              (no amulet)
HPRegen 0.17/turn               (no ring)
MPRegen 0.12/turn               (no ring)

@: confused, ambrosia-drunk, glowing
A: sense surroundings 1, otherworldly, glowing, explore regen
a: no special abilities


You were on level 4 of the Dungeon.
You visited 1 branch of the dungeon, and saw 4 of its levels.

You collected 182 gold pieces.

Inventory:

Hand Weapons
 q - a +0 trident (weapon)
Armour
 a - a +0 robe (worn)
 j - a +0 pair of boots (worn)
 n - a +0 buckler (worn)
Scrolls
 d - a scroll of identify {unknown}
 e - a scroll of fear
 g - a scroll of poison {unknown}
 i - a scroll of vulnerability {unknown}
 k - a scroll of enchant armour {unknown}
 o - a scroll of teleportation {unknown}
Potions
 b - a potion of magic
 f - a potion of haste
 l - a potion of cancellation
 p - a potion of heal wounds {unknown}


   Skills:
 + Level 3.7 Fighting
 - Level 2.4 Dodging
 - Level 1.4 Stealth
 - Level 3.0 Spellcasting
 + Level 5.9 Necromancy


You had 3 spell levels left.
You knew the following spells:

 Your Spells              Type           Power      Damage    Failure   Level
a - Necrotise             Necr           88%        1d8       1%          1
b - Animate Dead          Necr           22%        N/A       21%         4
c - Vampiric Draining     Necr           22%        2d7       6%          3

Your spell library contained the following spells:

 Spells                   Type           Power      Damage    Failure   Level
 Agony                    Necr           22%        N/A       50%         5


Dungeon Overview and Level Annotations

Branches:
Dungeon (4/15) Zot: 1109
 Temple: D:4-7

Altars:
Nemelex Xobeh
Sif Muna
Trog
Uskayaw
Zin

Shops:
D:3 (

Annotations:
D:4 Grinder


Innate Abilities, Weirdness & Mutations

You passively map a small area around you.
You are easily found by Zot.
You glow in the dark.
You regain HP and MP as you explore.


Message History

Grinder gestures at you.
You suddenly lose the ability to move!
Grinder hits you.
You writhe in agony.
Grinder hits you!
You writhe in agony.
Grinder says, "Mostly I couldn't keep them alive."
Grinder hits you.
You writhe in agony.
You can move again.
Unknown command.
Unknown command.
You hit Grinder.
Grinder is lightly wounded.
Grinder hits you!
* * * LOW HITPOINT WARNING * * *
You writhe in agony.
* * * LOW HITPOINT WARNING * * *
Unknown command.
Casting: Animate Dead (quite dangerous; 19% risk of failure)
Confirm with . or Enter, or press ? or * to list all spells.
You can't see any susceptible monsters within range! (Use Z to cast anyway.) It was a potion of cancellation.
Your magical effects are unravelling.
You feel magically purged.
l - a potion of cancellation;
d - a scroll labelled PEMOAG JALA You feel yourself slow down.
Your reaping aura expires.
Grinder gestures at you. Pain shoots through your body!
* * * LOW HITPOINT WARNING * * *
It was a potion of curing.
You feel better. Grinder hits you!
* * * LOW HITPOINT WARNING * * *
You writhe in agony.
* * * LOW HITPOINT WARNING * * *
Okay, then.
It was a potion of degeneration.
There was something very wrong with that liquid.
You feel weakened.
You feel dopey.
You feel clumsy. Grinder misses you.
It was a potion of ambrosia.
You are confused.
You feel invigorated. Grinder hits you!
You die...

, * ........#.. ,
* ,.........# * *
......?.#
.......###### , ,
)....... ..# ,*
,,, , .....# *#.#
*, * #5#..# #.# *
*
#@...####.######.#
*
#.....#.....<....#
**
##....#.#.########
8 , ##.....†..# *
, * #.......###
#8... #####......#
##....
#..[.......#
#_....
#..........# #....
#..........#


You could see Grinder.

Vanquished Creatures
  An iguana (D:4)
  2 orc wizards (D:3)
  An adder (D:2)
  3 dart slugs
  6 orcs (D:3)
  9 ball pythons
  2 bats
  4 endoplasms
  A giant cockroach (D:4)
  6 goblins
  7 hobgoblins
  6 jackals
  2 kobolds
  3 quokkas
  4 frilled lizards (D:1)
  2 rats
59 creatures vanquished.

Vanquished Creatures (collateral kills)
  A dart slug (D:2)
  2 bats (D:1)
  An endoplasm (D:2)
  A ball python (D:2)
  A goblin (D:1)
6 creatures vanquished.

Vanquished Creatures (others)
  A giant cockroach zombie (D:4)
1 creature vanquished.

Grand Total: 66 creatures vanquished

Notes
Turn   | Place    | Note
-------+----------+-------------------------------------------
     0 | D:1      | Aviak the Meteoran Necromancer began the quest for the Orb.
     0 | D:1      | Reached XP level 1. HP: 14/14 MP: 5/5
    57 | D:1      | Reached XP level 2. HP: 22/22 MP: 2/6
   102 | D:1      | Reached skill level 1 in Fighting
   546 | D:2      | Reached XP level 3. HP: 21/29 MP: 5/8
   600 | D:2      | Learned a level 3 spell: Vampiric Draining
   626 | D:2      | Reached skill level 5 in Necromancy
   720 | D:2      | Reached XP level 4. HP: 35/36 MP: 6/9
   818 | D:3      | Found a sparkling altar of Nemelex Xobeh.
   884 | D:3      | Reached XP level 5. HP: 25/45 MP: 1/10
   912 | D:3      | Found a shimmering blue altar of Sif Muna.
  1005 | D:3      | Found a bloodstained altar of Trog.
  1056 | D:3      | Found a hide-covered altar of Uskayaw.
  1099 | D:3      | Found Jemuall's Weapon Boutique.
  1137 | D:3      | Learned a level 4 spell: Animate Dead
  1224 | D:4      | Reached XP level 6. HP: 12/52 MP: 4/11
  1242 | D:4      | Found a glowing silver altar of Zin.
  1257 | D:4      | Noticed Grinder
  1265 | D:4      | Paralysed by Grinder for 4 turns
  1274 | D:4      | Slain by Grinder

Illustrated notes

Levels and vault maps discovered:
D:1:      psy_arrival_wood_between_worlds, layout_rooms,
          hellmonk_ecumenical_altar_inner_sanctum, minmay_lizard_pond
D:2:      layout_loops_corners, minmay_hexomino_f4
D:3:      cheibrodos_greedy_goblins, layout_loops_ring,
          nemelex_spade_bored_becter, trog_butcher_becter, lemuel_tele_altar,
          eat_drink_and_be_merry_uskayaw, serial_shops, shop
D:4:      layout_basic, nicolae_overflow_hidden_temple, uniq_grinder

Skill      XL: |  1  2  3  4 |
---------------+-------------+-----
Spellcasting   | 3 |  3.0
Fighting       | 1 2 3 |  3.7
Necromancy     | 5 |  5.9
Dodging        | |  2.4
Stealth        | |  1.4

Action                   |  1- 3 |  4- 6 || total
-------------------------+-------+-------++-------
Melee: Unarmed           |     4 |    20 ||    24
       Trident           |       |    46 ||    46
 Cast: Necrotise         |    40 |    46 ||    86
       Vampiric Draining |       |     7 ||     7
       Animate Dead      |       |     1 ||     1
  Use: Scroll            |       |     1 ||     1
       Potion            |       |     5 ||     5
Armor: Robe              |    10 |    25 ||    35
Dodge: Dodged            |     7 |    52 ||    59
Block: Buckler           |       |    18 ||    18

Table legend: (Time is in decaauts)
 A = Elapsed time spent in this place.
 B = Non-inter-level travel time spent in this place.
 C = Inter-level travel time spent in this place.
 D = Time resting spent in this place.
 E = Time spent auto-exploring this place.
 F = Levels seen in this place.
 G = Mean time per level.
                   A        B        C        D        E       F      G
               +--------+--------+--------+--------+--------+-----+--------+
         Total |   1290 |   1223 |     67 |     16 |    412 |   4 |  322.5 |
       Dungeon |   1290 |   1223 |     67 |     16 |    412 |   4 |  322.5 |
               +--------+--------+--------+--------+--------+-----+--------+

Top non-repeatable levels by time:
     D:2: 547 daAuts
     D:3: 454 daAuts
     D:1: 220 daAuts
     D:4: 68 daAuts
